 Dungeon Crawl Stone Soup version 0.31.0-12-g77e489cdc1 (webtiles) character file.

Game seed: 1654487549248897464

539744 112233 the Wrestler (level 25, -3/288 HPs)
             Began as an Octopode Shapeshifter on Feb 18, 2024.
             Was an Initiate of Gozag.
             Killed from afar by a red draconian (21 damage)
             ... with a searing blast
             ... on level 2 of the Realm of Zot.
             The game lasted 01:45:36 (83250 turns).

112233 the Wrestler (Octopode Shapeshifter)        Turns: 83250, Time: 01:45:37

Health: -3/288     AC: 40    Str: 28    XL:     25   Next: 94%
Magic:  14/30      EV:  2    Int: 12    God:    Gozag
Gold:   90         SH:  5    Dex: 34    Spells: 25/33 levels left

rFire   + .          .
                       - Unarmed
rCold   + + .        (no shield)
rNeg    + . .        (helmet currently unavailable)
rPois   +            U - amulet of Wuoray {Reflect Str+2 Dex+3 SH+5 Stlth+}
rElec   +            f - +4 ring of protection
rCorr   +            y - ring "Cibisig" {rPois rC+ rN+ Dex+2}
SInv    .            w - +6 ring of dexterity
Will    +....        F - +5 ring of evasion
Stlth   ++++         C - +6 ring of strength
HPRegen 0.68/turn    X - +4 ring of protection
MPRegen 0.22/turn    W - +6 ring of dexterity
                     B - +5 ring of evasion

%: reflection
@: mighty, brilliant, lethally poisoned (-3 -> -10), tree-form, resistant, gold
aura, fragile (+50% incoming damage), slowed, studying Staves, invisible, very
slow
A: stationary, stasis, torment immunity, boosted hp, almost no armour,
(amphibious), 8 rings, (camouflage 1), (gelatinous body 1), (nimble swimmer 1),
(tentacles), (poison resistance)
}: 3/15 runes: serpentine, barnacled, silver
a: End Transformation, Renounce Religion, Potion Petition, Call Merchant, Bribe
Branch


You were on level 2 of the Realm of Zot.
You worshipped Gozag.
Gozag was noncommittal.
You were a tree.
You visited 12 branches of the dungeon, and saw 50 of its levels.
You visited the Abyss 1 time.
You also visited: Trove, Bailey and Ice Cave.

You collected 26186 gold pieces.
You spent 12809 gold pieces at shops.
You paid 13287 gold pieces to Gozag.

Inventory:

Missiles
 L - 3 throwing nets
Armour
 c - a +2 hat of willpower
 S - a +5 kite shield of protection
Jewellery
 f - a +4 ring of protection (left branch)
 p - a ring of see invisible
 t - the ring "Fewomypn" {Wiz rN+ Will+}
   (You found it in a treasure trove)

   [ring of wizardry]

   Wiz:       It improves your spell success rate.
   rN+:       It protects you from negative energy.
   Will+:     It increases your willpower.
 w - a +6 ring of dexterity (on tentacle)
 x - the ring "Zitac" {rF+ rN+ rCorr Str-3}
   (You found it in a treasure trove)

   [ring of resist corrosion]

   Str-3:     It affects your strength (-3).
   rF+:       It protects you from fire.
   rN+:       It protects you from negative energy.
   rCorr:     It protects you from acid and corrosion.
 y - the ring "Cibisig" (right branch) {rPois rC+ rN+ Dex+2}
   (You bought it in a shop on level 5 of the Dungeon)

   [ring of positive energy]

   Dex+2:     It affects your dexterity (+2).
   rC+:       It protects you from cold.
   rPois:     It protects you from poison rN+: It protects you from negative
   energy.
 B - a +5 ring of evasion (on tentacle)
 C - a +6 ring of strength (on tentacle)
 F - a +5 ring of evasion (on tentacle)
 M - the amulet "Etib" {Reflect rF+++ MP+9 SH+5}
   (You found it in a treasure trove)

   [amulet of reflection]

   Reflect:   It reflects blocked missile attacks.
   rF+++:     It renders you almost immune to fire.
   MP+9:      It affects your magic capacity (+9).
   SH+5:      It affects your SH (+5).
 U - the amulet of Wuoray (around neck) {Reflect Str+2 Dex+3 SH+5 Stlth+}
   (You found it in a treasure trove)

   [amulet of reflection]

   Reflect:   It reflects blocked missile attacks.
   Str+2:     It affects your strength (+2).
   Dex+3:     It affects your dexterity (+3).
   SH+5:      It affects your SH (+5).
   Stlth+:    It makes you more stealthy.
 W - a +6 ring of dexterity (on tentacle)
 X - a +4 ring of protection (on tentacle)
 Y - the amulet of Okawaru's Benevolence {RegenMP *Slow rPois rC+++ Str+4}
   (You took it off a deep elf high priest on level 3 of the Elven Halls)

   [amulet of magic regeneration]

   RegenMP:   It increases your rate of magic regeneration.
   Str+4:     It affects your strength (+4).
   rC+++:     It renders you almost immune to cold.
   rPois:     It protects you from poison *Slow: It may slow you when you take
   damage.
Talismans
 H - a storm talisman
 Z - a dragon-blood talisman (active)
Wands
 k - a wand of roots (47)
 s - a wand of paralysis (57)
 u - a wand of digging (13)
 J - a wand of light (16)
 T - a wand of mindburst (51)
Scrolls
 e - 3 scrolls of silence
 i - 6 scrolls of fog
 j - 5 scrolls of summoning
 n - 7 scrolls of amnesia
 o - 11 scrolls of teleportation
 I - 8 scrolls of immolation
 K - 13 scrolls of poison
 N - 5 scrolls of blinking
 O - 3 scrolls of torment
 Q - 9 scrolls of revelation
 R - 10 scrolls of fear
Potions
 a - 13 potions of lignification
 b - 5 potions of might
 d - a potion of ambrosia
 h - a potion of brilliance
 l - 3 potions of cancellation
 q - 13 potions of curing
 r - 8 potions of resistance
 v - 7 potions of haste
 z - 11 potions of mutation
 A - 11 potions of heal wounds
 D - a potion of invisibility
 E - 3 potions of attraction
 P - 4 potions of berserk rage
 V - 4 potions of magic
Miscellaneous
 g - the horn of Geryon
 m - a box of beasts (inert) (quivered)
 G - a lightning rod (4/4)


   Skills:
 - Level 21.2 Fighting
 - Level 19.5 Dodging
 - Level 15.1 Shields
 + Level 26.9 Unarmed Combat
 - Level 4.8 Spellcasting
 - Level 5.2 Necromancy
 - Level 8.2 Evocations
 - Level 21.3 Shapeshifting


You had 25 spell levels left.
You knew the following spells:

 Your Spells              Type           Power      Damage    Failure   Level
a - Fugue of the Fallen   Necr           23%        N/A       7%          3
b - Blink                 Tloc           8%         N/A       30%         2
c - Passwall              Erth           4%         N/A       52%         3

Your spell library contained the following spells:

 Spells                   Type           Power      Damage    Failure   Level
 Kiss of Death            Conj/Necr      52%        2d9       7%          1
 Cigotuvi's Dreadful Rot  Necr/Alch/Air  20%        N/A       16%         2
 Freeze                   Ice            16%        1d4       21%         1
 Magic Dart               Conj           16%        1d3       21%         1
 Sandblast                Erth           8%         2d5       21%         1
 Shock                    Conj/Air       16%        1d4       21%         1
 Slow                     Hex            16%        N/A       21%         1
 Sting                    Conj/Alch      16%        1d4       21%         1
 Call Imp                 Summ           8%         N/A       30%         2
 Ensorcelled Hibernation  Hex/Ice        8%         N/A       30%         2
 Mercury Vapours          Alch/Air       8%         N/A       30%         2
 Momentum Strike          Conj/Tloc      8%         3d8       30%         2
 Scorch                   Fire           8%         2d5       30%         2
 Searing Ray              Conj           8%         2d4       30%         2
 Dazzling Flash           Conj/Hex       8%         N/A       52%         3
 Frozen Ramparts          Ice            8%         1d2       52%         3
 Hailstorm                Conj/Ice       4%         3d5       52%         3
 Ozocubu's Armour         Ice            4%         N/A       52%         3
 Stone Arrow              Conj/Erth      8%         3d7       52%         3
 Summon Ice Beast         Ice/Summ       4%         N/A       52%         3
 Swiftness                Air            4%         N/A       52%         3
 Volatile Blastmotes      Fire/Tloc      8%         2d10      52%         3
 Anguish                  Hex/Necr       6%         N/A       56%         4
 Martyr's Knell           Necr/Summ      13%        N/A       56%         4
 Borgnjor's Vile Clutch   Necr/Erth      6%         N/A       88%         5
 Airstrike                Air            2%         2d(1-17)  90%         4
 Brom's Barrelling Bould  Conj/Erth      4%         2d3       90%         4
 Flame Wave               Conj/Fire      4%         2d5       90%         4
 Fulminant Prism          Conj/Alch      2%         3d5       90%         4
 Ignite Poison            Fire/Alch      4%         N/A       90%         4
 Iskenderun's Mystic Bla  Conj/Tloc      4%         2d3       90%         4
 Olgreb's Toxic Radiance  Alch           4%         N/A       90%         4
 Sticky Flame             Fire/Alch      4%         2d4       90%         4
 Summon Lightning Spire   Summ/Air       4%         N/A       90%         4
 Vhi's Electric Charge    Tloc/Air       8%         N/A       90%         4
 Death Channel            Necr           11%        N/A       98%         6
 Alistair's Intoxication  Alch           2%         N/A       99%         5
 Arcjolt                  Conj/Air       2%         1d12      99%         5
 Fireball                 Conj/Fire      2%         3d4       99%         5
 Freezing Cloud           Conj/Ice/Air   2%         6-21      99%         5
 Irradiate                Conj/Alch      2%         3d12      99%         5
 Iskenderun's Battlesphe  Conj           4%         2d6       99%         5
 Lee's Rapid Deconstruct  Erth           2%         3d4*      99%         5
 Metabolic Englaciation   Hex/Ice        2%         N/A       99%         5
 Summon Forest            Summ/Tloc      2%         N/A       99%         5
 Summon Mana Viper        Hex/Summ       4%         N/A       99%         5
 Yara's Violent Unravell  Hex/Alch       2%         3d3       99%         5
 Conjure Ball Lightning   Conj/Air       2%         3x3d6     100%        6
 Dispersal                Tloc           2%         N/A       100%        6
 Eringya's Noxious Bog    Alch           2%         4d6       100%        6
 Plasma Beam              Fire/Air       2%         2x1d12    100%        6
 Sculpt Simulacrum        Ice/Alch       2%         N/A       100%        6
 Starburst                Conj/Fire      2%         6d3       100%        6
 Summon Cactus Giant      Summ           2%         N/A       100%        6
 Haunt                    Necr/Summ      6%         N/A       100%        7
 Malign Gateway           Summ/Tloc      2%         N/A       100%        7
 Monstrous Menagerie      Summ           2%         N/A       100%        7
 Orb of Destruction       Conj           2%         9d5       100%        7
 Ozocubu's Refrigeration  Ice            2%         4d7       100%        7
 Summon Hydra             Summ           2%         N/A       100%        7
 Borgnjor's Revivificati  Necr           11%        N/A       100%        8
 Discord                  Hex            2%         N/A       100%        8
 Ignition                 Fire           2%         3d3       100%        8
 Summon Horrible Things   Summ           2%         N/A       100%        8
 Chain Lightning          Conj/Air       2%         3d2       100%        9
 Death's Door             Necr           11%        N/A       100%        9
 Fire Storm               Conj/Fire      2%         8d1       100%        9
 Shatter                  Erth           2%         3d6*      100%        9
 Animate Dead             Necr           Unusable   N/A       N/A         4
 Animate Armour           Summ/Erth      Unusable   N/A       N/A         4

Dungeon Overview and Level Annotations

Branches:
Dungeon (15/15)            Temple (1/1) D:5            Lair (5/5) D:8
 Shoals (4/4) Lair:2        Snake (4/4) Lair:3          Orc (2/2) D:10
    Elf (3/3) Orc:2        Vaults (5/5) D:13          Crypt (0/3) Vaults:3
 Depths (4/4) D:15           Hell (visited)             Dis (0/7) Hell
    Geh (0/7) Hell            Coc (0/7) Hell            Tar (5/7) Hell
    Zot (2/5) Depths:4     Bailey (visited)           IceCv (visited)
  Slime: Lair:4-5

Altars:
Ashenzari
Cheibriados
Dithmenos
Elyvilon
Fedhas
Gozag
Hepliaklqana
Kikubaaqudgha
Makhleb
Nemelex Xobeh
Okawaru
Qazlal
Ru
Sif Muna
Trog
Uskayaw
Vehumet
Wu Jian
Xom
Yredelemnul
Zin
The Shining One
Lugonu

Shops:
D:5 *   D:8 ?   D:15 :*?***   Orc:2 ([?=!   Elf:1 ?   Snake:2 :   Vaults:1 :*
Vaults:5 !!?   Depths:1 (*[   Depths:2 *[   Depths:3 [

Portals:
Hell: Depths:1 Depths:2 Depths:3 Depths:4
Abyss: Depths:2 Depths:3 Depths:4
Pandemonium: Depths:2
Ziggurat: Depths:2

Annotations:
D:7 exclusion: downstairs
D:11 exclusions: downstairs and upstairs
D:13 exclusion: upstairs
D:14 exclusion: downstairs
Lair:5 exclusions: obsidian statue and oklob plant
Snake:4 3 runed translucent doors, Gabide's ghost, adept DrCK
Elf:2 3 runed translucent doors, exclusion: downstairs
Depths:1 3 runed translucent doors, NerdRage255's ghost, journeyman MiBe


Innate Abilities, Weirdness & Mutations

You are a tree.
Your roots penetrate the ground, keeping you stationary.
You cannot be teleported.
You are immune to unholy pain and torment.
Your maximum health is greatly increased.
You cannot wear most types of armour.
((You are amphibious.))
You can wear up to eight rings at the same time.
((Your skin changes colour to match your surroundings (Stealth+).))
((Your rubbery body absorbs attacks. (AC +1, EV +1)))
((You are camouflaged when in or above water. (Stealth+)))
((You have tentacles for arms and can constrict up to eight enemies at once.))
((Your system is resistant to poisons. (rPois)))


Message History

The Killer Klown pies you viciously! The klown pie hits you!!
Peanut brittle!
Your body becomes as fragile as glass!
* * * LOW HITPOINT WARNING * * *
The black draconian knight hits you but does no damage.
The white draconian hits you but does no damage.
A white draconian comes into view. It is wielding a +0 scimitar.
The red draconian hits you but does no damage.
The Killer Klown headlocks you but does no damage.
You suddenly lose the ability to move!
The black draconian knight breathes lightning at you.
The bolt of lightning hits you. You resist.
* * * LOW HITPOINT WARNING * * *
The bolt of lightning hits you but does no damage.
The bolt of lightning hits the black draconian knight.
The black draconian knight completely resists.
The white draconian hits you from afar with a +0 glaive.
* * * LOW HITPOINT WARNING * * *
The red draconian hits you but does no damage.
You hear a horrible gurgling sound! x5; You hear a roar! x2
You hear a horrible gurgling sound!
You hear a roar!
You hear a horrible gurgling sound!
You can move again.
Unknown command.
Unknown command.
You feel much better.
Your fugue has ended.
The black draconian knight roars!
The Killer Klown pokes you with a +12 club of chaos!!
* * * LOW HITPOINT WARNING * * *
You feel as though you will be slow longer.
The black draconian knight hits you with a +1 war axe of pain!
* * * LOW HITPOINT WARNING * * *
You writhe in agony.
* * * LOW HITPOINT WARNING * * *
The Killer Klown strangle-hugs you but does no damage.
You are poisoned.
The red draconian breathes fire at you. The searing blast hits you! You resist.
You die...
Your body crumbles into a pile of gold.

.' #..## ..
## ...##u'#
##. ....#''#
#..'.d......
#..##dJ...
#.$<#dd#
#.<$q°.#
##○bp♣##
######


You could see a Killer Klown, a black draconian knight (fast, unable to see you,
catching breath), a shard shrike (unable to see you), an acid blob, a white very
ugly thing (wandering, unable to see you), 2 draconians and 2 draconians.

Vanquished Creatures
  Frederick (Depths:3)
  An ancient lich (Vaults:5)
  A juggernaut (Depths:4)
  Xtahua (Vaults:4)
  Boris (thrice) (Vaults:1 Vaults:4 Depths:4)
  A shard shrike (Zot:2)
  Saint Roka (Vaults:4)
  Vashnia (Snake:2)
  7 golden dragons
  Geryon (Hell)
  3 bone dragons
  Jory (Depths:3)
  A profane servitor (Tar:5)
  A doom hound (Tar:1)
  A Tzitzimitl (Tar:5)
  A spectral shard shrike (Tar:5)
  7 tentacled monstrosities
  Jorgrun (Lair:2)
  5 liches
  6 titans
  2 deep elf blademasters (Elf:3)
  A deep elf master archer (Elf:3)
  Asterion (Vaults:1)
  9 sphinxes
  A kraken (Shoals:4)
  3 quicksilver dragons
  3 death cobs
  Frances (Lair:2)
  Kirke (D:12)
  8 shadow dragons
  Aizul (Snake:3)
  2 revenants (Tar:5)
  2 tengu reavers
  7 storm dragons
  5 nagarajas
  Donald (Shoals:1)
  A protean progenitor (Zot:2)
  A draconian shifter (Zot:2)
  10 fire giants
  An emperor scorpion (Zot:2)
  Ilsuiw (Shoals:4)
  12 frost giants
  A fenstrider witch (Shoals:2)
  2 draconian monks
  A draconian scorcher (Depths:4)
  A draconian knight (Zot:1)
  7 deep elf sorcerers (Elf:3)
  2 balrugs
  18 vault wardens
  3 iron dragons
  2 ghost moths (Zot:1)
  2 spectral caustic shrikes
  6 reapers (Hell)
  2 spectral juggernauts
  2 deep elf elementalists (Elf:3)
  9 very ugly things
  4 draconian stormcallers (Zot:2)
  2 draconian annihilators
  3 orc warlords
  3 ironbound thunderhulks (Vaults:2)
  6 deep elf demonologists
  21 ironbound preservers
  19 stone giants
  12 deep elf annihilators
  A formless jellyfish (Vaults:1)
  A vampire knight (Depths:3)
  A lorocyproca (Depths:4)
  5 deep elf death magi
  2 putrid mouths
  2 green draconians (Zot:1)
  7 war gargoyles
  3 purple draconians
  7 dire elephants
  3 red draconians
  4 black draconians
  6 white draconians
  A halazid warlock (Tar:5)
  3 eidola
  6 yellow draconians (Zot:2)
  2 blizzard demons (Hell)
  2 iron golems
  A spectral quicksilver dragon (Tar:5)
  12 ettins
  2 crystal guardians
  3 entropy weavers
  A spectral fenstrider witch (Tar:1)
  8 merfolk javelineers
  12 merfolk impalers
  6 fire dragons
  A kraken zombie (Hell)
  3 hell beasts
  3 spectral spriggans (Tar:1)
  14 deep elf high priests
  10 yaktaur captains
  Fannar (D:12)
  3 salamander tyrants
  28 vault guards
  5 great orbs of eyes
  4 hydras
  7 ice dragons
  Erolcha (D:13)
  3 catoblepae
  3 rakshasas
  3 peacekeepers
  7 spriggan air magi
  3 spriggan skeletons (Hell)
  An alligator (shapeshifter) (Vaults:4)
  7 ogre magi
  5 merfolk avatars
  13 two-headed ogres
  A boulder beetle (D:12)
  An ice dragon (shapeshifter) (Vaults:5)
  2 death knights
  7 deep troll earth magi
  7 deep troll shamans
  10 centaur warriors
  8 anacondas
  3 merfolk aquamancers
  A satyr (Shoals:4)
  7 ironbound frosthearts
  21 dancing weapons
  2 hell hogs
  8 naga warriors
  A vampire mage (Vaults:3)
  8 tengu warriors
  A spectral naga (Tar:2)
  A demonic crawler (Depths:1)
  2 spriggans (Depths:2)
  5 orc high priests
  4 spriggan berserkers
  15 deep elf knights
  A spectral storm dragon (Tar:1)
  5 shock serpents
  10 sun demons
  6 hell knights (Vaults:2)
  7 naga sharpshooters
  A shadow wraith (Vaults:5)
  2 soul eaters
  14 sea snakes
  A spectral death yak (Lair:5)
  3 salamander mystics
  6 skysharks
  2 skysharks (shapeshifter)
  7 skeletal warriors
  51 deep trolls
  A flayed ghost (Depths:3)
  10 iron trolls
  A spectral anaconda (Lair:5)
  3 large abominations (Abyss:3)
  A deep troll (shapeshifter) (Elf:3)
  8 arcanists
  A glowing orange brain (shapeshifter) (Depths:4)
  9 mana vipers
  2 cherubim (Elf:1)
  5 glowing orange brains
  6 naga ritualists
  A spectral hydra (Tar:2)
  17 ironbound convokers
  11 lindwurms
  7 phantasmal warriors
  25 deep elf zephyrmancers
  10 deep elf archers
  9 necromancers
  13 orc knights
  19 harpies
  2 alligator zombies (Hell)
  A tengu skeleton (Vaults:3)
  28 deep elf pyromancers
  A shining eye (shapeshifter) (Vaults:4)
  A stone giant zombie (Vaults:3)
  13 orc sorcerers
  15 cyclopes
  12 manticores
  6 fauns (Shoals:3)
  An alligator skeleton (Hell)
  23 ugly things
  10 salamanders
  5 moths of wrath
  16 elephants
  A meliai (D:15)
  11 merfolk sirens
  2 kobold blastminers (Orc:1)
  8 rust devils
  A guardian serpent (Snake:2)
  A guardian serpent (shapeshifter) (Elf:1)
  10 naga magi
  2 ice statues (Hell)
  42 black mambas
  24 vault sentinels
  2 gargoyles
  6 smoke demons
  3 water nymphs
  An apocalypse crab (Abyss:3)
  4 molten gargoyles
  14 cane toads
  A moth of wrath (shapeshifter) (Vaults:5)
  A hellion (Hell)
  A rime drake (shapeshifter) (D:14)
  A sea snake zombie (Hell)
  17 komodo dragons
  15 yaktaurs
  3 anaconda simulacra (IceCv)
  An unseen horror (D:10)
  5 rime drakes
  4 kobold demonologists
  An efreet (D:15)
  10 ice devils
  6 freezing wraiths
  5 harpy zombies (Shoals:4)
  A tengu conjurer (Depths:1)
  2 sea snake skeletons (Hell)
  3 spectral harpies (Tar:1)
  8 trolls
  2 trolls (shapeshifter)
  A hydra zombie (Hell)
  2 red devils (Hell)
  12 wind drakes
  3 hornets
  33 merfolk
  22 blink frogs
  A wind drake (shapeshifter) (Elf:1)
  An elf simulacrum (Vaults:2)
  An ettin zombie (Vaults:3)
  13 snapping turtles
  30 dream sheep
  2 glass eyes (Depths:2)
  16 slime creatures
  A jumping spider (shapeshifter) (D:13)
  2 centaur simulacra
  6 vampires
  A jumping spider (Vaults:3)
  4 wraiths
  An air elemental (Elf:3)
  A shadow (D:11)
  3 dire elephant simulacra
  A culicivora (shapeshifter) (Elf:1)
  A ynoxinul (Abyss:3)
  A yak (shapeshifter) (Elf:1)
  A wyvern (Lair:1)
  26 water elementals
  63 yaks
  5 basilisks
  2 hogs (D:12)
  2 death yak simulacra (IceCv)
  2 steam dragons
  2 wargs (shapeshifter)
  3 fire elementals
  2 vampire mosquitoes (D:13)
  6 wargs
  A harpy simulacrum (IceCv)
  49 nagas
  3 hell hounds (Hell)
  An acid dragon (D:12)
  3 hydra simulacra (IceCv)
  15 water moccasins
  2 sky beasts (D:7)
  18 orc warriors
  An ice beast (shapeshifter) (D:14)
  A black bear (Lair:1)
  A manticore zombie (Shoals:4)
  A black bear (shapeshifter) (Elf:1)
  6 boggarts
  2 laughing skulls (D:13)
  An elephant zombie (Lair:5)
  13 ogres
  8 wolves
  8 centaurs
  A phantom (D:5)
  4 kobold brigands
  2 gnoll sergeants
  15 bullfrogs
  4 cane toad simulacra
  A two-headed ogre simulacrum (IceCv)
  An earth elemental (Elf:1)
  4 scorpions
  11 wights
  A bullfrog (shapeshifter) (Elf:1)
  10 killer bees
  6 elephant simulacra (IceCv)
  7 vampire bats (Bailey)
  6 electric eels (D:12)
  A bombardier beetle (D:3)
  2 howler monkeys (D:8)
  5 wolf zombies (Bailey)
  A crimson imp (D:10)
  2 jellies
  5 hounds
  2 gnoll boudas
  19 orc priests
  5 iguanas
  Ijyb (D:5)
  2 sleepcaps
  Terence (D:3)
  Natasha (thrice) (D:2)
  37 orc wizards
  13 hell rats
  2 spriggan simulacra
  3 wolf simulacra (IceCv)
  2 polar bear simulacra (IceCv)
  2 troll simulacra (IceCv)
  5 adders
  11 gnolls
  18 river rats (D:5)
  A shadow imp (D:6)
  A white imp (D:6)
  4 ufetubi
  A dart slug (D:2)
  2 ribbon worms
  74 orcs
  6 ball pythons
  7 bats
  3 endoplasms (D:4)
  3 giant cockroaches (D:2)
  6 goblins
  7 hobgoblins
  4 jackals
  5 quokkas
  4 frilled lizards
  17 kobolds
  23 orc zombies (Bailey)
  2 rats
  An aspiring flesh (Zot:2)
  3 tentacles (Hell)
2012 creatures vanquished.

Vanquished Creatures (collateral kills)
  A deep elf high priest (Vaults:5)
  A black mamba (Snake:4)
  A slime creature (D:12)
3 creatures vanquished.

Vanquished Creatures (others)
  2 water elementals (D:15)
  A human (D:13)
  A centaur (D:15)
  An orc wizard (Orc:2)
  An orc (Orc:2)
  8 tentacles
14 creatures vanquished.

Grand Total: 2029 creatures vanquished

Notes
Turn   | Place    | Note
-------+----------+-------------------------------------------
     0 | D:1      | 112233 the Octopode Shapeshifter began the quest for the
                  | Orb.
     0 | D:1      | Reached XP level 1. HP: 13/13 MP: 1/1
   230 | D:1      | Reached XP level 2. HP: 14/18 MP: 2/2
  1035 | D:2      | Reached XP level 3. HP: 23/23 MP: 3/3
  1200 | D:2      | Noticed Natasha
  1358 | D:2      | Killed Natasha
  1359 | D:2      | Reached XP level 4. HP: 21/29 MP: 4/4
  1551 | D:2      | Noticed Natasha
  1559 | D:2      | Killed Natasha
  1560 | D:2      | Reached skill level 4 in Unarmed Combat
  1826 | D:2      | Reached XP level 5. HP: 12/34 MP: 5/5
  1924 | D:2      | Noticed Natasha
  1930 | D:2      | Killed Natasha
  2237 | D:3      | Found an iron altar of Okawaru.
  2394 | D:3      | Noticed Terence
  2400 | D:3      | Killed Terence
  2401 | D:3      | Reached XP level 6. HP: 41/41 MP: 6/6
  2564 | D:3      | Reached skill level 5 in Unarmed Combat
  3243 | D:4      | Reached XP level 7. HP: 43/46 MP: 7/7
  3688 | D:5      | Entered Level 5 of the Dungeon
  3747 | D:5      | Found Himuba's General Store.
  3765 | D:5      | Found a staircase to the Ecumenical Temple.
  3781 | Temple   | Entered the Ecumenical Temple
  3791 | Temple   | Became a worshipper of Gozag Ym Sagoz the Greedy
  4197 | D:5      | Reached skill level 6 in Unarmed Combat
  4562 | D:5      | Noticed Ijyb
  4576 | D:5      | Killed Ijyb
  4577 | D:5      | Reached XP level 8. HP: 15/54 MP: 8/8
  5253 | D:5      | Reached skill level 5 in Shapeshifting
  5453 | D:5      | Reached skill level 7 in Unarmed Combat
  5523 | D:5      | Found the +2 ratskin cloak {*Rats rPois rN+ Str-1 Int-1
                  | Dex+1}
  5612 | D:5      | Bought a scroll of identify for 22 gold pieces
  5612 | D:5      | Bought a potion of curing for 33 gold pieces
  5894 | D:6      | Noticed a yak
  5894 | D:6      | Noticed a yak
  5894 | D:6      | Noticed a yak
  5913 | D:7      | Killed a yak
  5914 | D:7      | Reached skill level 5 in Dodging
  5993 | D:7      | Found a flagged portal.
  6025 | Bailey   | Entered a bailey
  6101 | Bailey   | Reached XP level 9. HP: 37/60 MP: 9/9
  6284 | Bailey   | Reached skill level 5 in Fighting
  6393 | Bailey   | Reached skill level 8 in Unarmed Combat
  6437 | Bailey   | Noticed a gargoyle
  6450 | Bailey   | Killed a gargoyle
  7024 | Bailey   | HP: 2/91 [vampire/+0 vampiric halberd (4)]
  7509 | Bailey   | Got the Essays on Bombardment
  8222 | D:6      | Reached skill level 9 in Unarmed Combat
  8295 | D:6      | Learned a level 3 spell: Fugue of the Fallen
  8450 | D:6      | Found a white marble altar of Elyvilon.
  8503 | D:5      | Bought the ring "Cibisig" {rPois rC+ rN+ Dex+2} for 466
                  | gold pieces
  8655 | D:7      | Reached XP level 10. HP: 59/68 MP: 10/10
  9636 | D:7      | Reached skill level 1 in Shields
 10212 | D:7      | Reached skill level 10 in Unarmed Combat
 10861 | D:8      | Paralysed by an orc for 4 turns
 11049 | D:8      | Found a staircase to the Lair.
 11108 | D:8      | Found Upy Yniw's Magic Scroll Shop.
 11111 | D:8      | Bought a scroll of acquirement for 520 gold pieces
 11111 | D:8      | Acquired a manual of Shapeshifting
 11204 | D:9      | Reached XP level 11. HP: 75/75 MP: 11/11
 11221 | D:8      | Found a sacrificial altar of Ru.
 11269 | D:9      | Found a shimmering altar of Xom.
 11730 | D:9      | Noticed a purple ugly thing
 11737 | D:9      | Killed a purple ugly thing
 12257 | D:8      | Reached skill level 5 in Shields
 12257 | D:8      | Reached skill level 11 in Unarmed Combat
 12473 | D:10     | Entered Level 10 of the Dungeon
 12473 | D:10     | Noticed a two-headed ogre
 12480 | D:10     | Killed a two-headed ogre
 12603 | D:10     | Noticed a two-headed ogre
 12612 | D:10     | Killed a two-headed ogre
 12818 | D:10     | Noticed a two-headed ogre
 12835 | D:10     | Killed a two-headed ogre
 12907 | D:10     | Found a staircase to the Orcish Mines.
 13141 | D:11     | Found a frozen archway.
 13243 | D:12     | Noticed a cyclops
 13257 | D:12     | Killed a cyclops
 13374 | D:11     | Reached XP level 12. HP: 71/82 MP: 9/12
 13458 | IceCv    | Entered an ice cave
 14064 | IceCv    | Reached skill level 12 in Unarmed Combat
 14144 | IceCv    | Found an ancient bone altar of Kikubaaqudgha.
 15373 | D:13     | Noticed a death knight
 15788 | D:13     | Noticed a vault guard
 15841 | D:13     | Reached skill level 10 in Shapeshifting
 16254 | D:14     | Noticed a seven-headed hydra
 16279 | D:15     | Entered Level 15 of the Dungeon
 16417 | D:15     | Noticed a centaur warrior
 16426 | D:15     | Noticed a two-headed ogre
 16428 | D:15     | Noticed an ogre mage
 16428 | D:15     | Noticed a two-headed ogre
 16428 | D:15     | Noticed a two-headed ogre
 16429 | D:15     | Noticed a two-headed ogre
 16448 | D:13     | Noticed a catoblepas
 16474 | D:12     | Noticed a two-headed ogre
 16484 | D:12     | Killed a two-headed ogre
 16485 | D:12     | Reached skill level 13 in Unarmed Combat
 16817 | D:10     | Found an ornate altar of the Wu Jian Council.
 16949 | D:10     | Found a hazy altar of Hepliaklqana.
 17092 | D:10     | Found a burning altar of Makhleb.
 17093 | D:10     | Found a radiant altar of Vehumet.
 17600 | Orc:1    | Entered Level 1 of the Orcish Mines
 17718 | D:10     | Reached XP level 13. HP: 90/90 MP: 13/13
 18257 | Orc:2    | Entered Level 2 of the Orcish Mines
 18257 | Orc:2    | Found Vocanomi's Distillery.
 18296 | Orc:1    | Learned a level 2 spell: Blink
 18724 | Orc:2    | Bought a potion of heal wounds for 70 gold pieces
 18724 | Orc:2    | Bought a potion of heal wounds for 70 gold pieces
 18724 | Orc:2    | Bought a potion of mutation for 112 gold pieces
 18724 | Orc:2    | Bought a potion of lignification for 42 gold pieces
 18724 | Orc:2    | Bought a potion of heal wounds for 70 gold pieces
 18724 | Orc:2    | Bought a potion of curing for 42 gold pieces
 18724 | Orc:2    | Bought a potion of cancellation for 112 gold pieces
 19004 | Orc:2    | Found a staircase to the Elven Halls.
 19063 | Orc:2    | Reached skill level 1 in Necromancy
 19681 | Orc:2    | Reached skill level 1 in Spellcasting
 20685 | Orc:2    | Found Taupnuon's Magic Scroll Shop.
 20705 | Orc:2    | Found an ancient bone altar of Kikubaaqudgha.
 20707 | Orc:2    | Paralysed by an orc sorcerer for 2 turns
 20863 | Orc:2    | Found a radiant altar of Vehumet.
 20892 | Orc:2    | Reached skill level 10 in Dodging
 21091 | Orc:2    | Found Migaa's Antique Weapon Shop.
 21180 | Orc:2    | Bought a scroll of acquirement for 780 gold pieces
 21180 | Orc:2    | Bought a scroll of teleportation for 45 gold pieces
 21180 | Orc:2    | Bought a scroll of revelation for 112 gold pieces
 21180 | Orc:2    | Bought a scroll of teleportation for 45 gold pieces
 21180 | Orc:2    | Bought a scroll of blinking for 112 gold pieces
 21180 | Orc:2    | Bought a scroll of revelation for 112 gold pieces
 21180 | Orc:2    | Bought a scroll of poison for 60 gold pieces
 21180 | Orc:2    | Bought a scroll of fear for 60 gold pieces
 21180 | Orc:2    | Acquired the +7 lajatang of Order {silver, rMut}
 21180 | Orc:2    | Found the +7 lajatang of Order {silver, rMut}
 21641 | Orc:2    | Found Mivyekh's Jewellery Boutique.
 21810 | Orc:2    | Found Qotyicamn's Antique Armour Boutique.
 22230 | D:12     | Noticed Fannar
 22237 | D:12     | Killed Fannar
 22238 | D:12     | Reached skill level 10 in Fighting
 22238 | D:12     | Reached skill level 14 in Unarmed Combat
 23313 | D:13     | Noticed Kirke
 23365 | D:12     | Killed Kirke
 23366 | D:12     | Reached XP level 14. HP: 22/99 MP: 6/18
 23973 | D:13     | Found a gate to the Vaults.
 24235 | D:13     | Noticed Erolcha
 24239 | D:13     | Killed Erolcha
 24590 | Lair:1   | Entered Level 1 of the Lair of Beasts
 24863 | Lair:1   | Reached skill level 15 in Unarmed Combat
 25960 | Lair:2   | Acquired 859 gold pieces
 26551 | Lair:2   | Found a staircase to the Shoals.
 27966 | Lair:3   | Found a staircase to the Snake Pit.
 28715 | Lair:3   | Reached XP level 15. HP: 107/107 MP: 19/19
 29152 | Lair:4   | Reached skill level 16 in Unarmed Combat
 29483 | Lair:4   | You fall into a shaft and drop 1 floor!
 29483 | Lair:5   | Entered Level 5 of the Lair of Beasts
 30529 | Lair:5   | Reached skill level 1 in Evocations
 31493 | Lair:5   | Found a shadowy altar of Dithmenos.
 32160 | D:8      | Bought a scroll of teleportation for 30 gold pieces
 32160 | D:8      | Bought a scroll of teleportation for 30 gold pieces
 32160 | D:8      | Bought a scroll of silence for 95 gold pieces
 32535 | D:14     | Reached skill level 17 in Unarmed Combat
 32813 | D:14     | Found a basalt altar of Yredelemnul.
 32821 | D:14     | Reached XP level 16. HP: 114/114 MP: 20/20
 33391 | D:15     | Found a staircase to the Depths.
 34736 | Elf:1    | Entered Level 1 of the Elven Halls
 34753 | Elf:1    | Reached skill level 5 in Evocations
 34784 | Elf:1    | Found a radiant altar of Vehumet.
 35102 | Elf:1    | Got the Compendium of Weather
 35532 | Elf:1    | Reached skill level 18 in Unarmed Combat
 36073 | Elf:1    | Got the Tempter's Spellbook of Forbidden Fruit
 36140 | Elf:1    | Found Qaabyile's Magic Scroll Shoppe.
 36176 | Elf:1    | Bought a scroll of summoning for 123 gold pieces
 36176 | Elf:1    | Bought a scroll of revelation for 97 gold pieces
 36176 | Elf:1    | Bought a scroll of fear for 52 gold pieces
 36176 | Elf:1    | Bought a scroll of revelation for 97 gold pieces
 36576 | Elf:2    | Reached XP level 17. HP: 122/122 MP: 21/21
 36943 | Elf:2    | Found a runed translucent gate.
 36943 | Elf:2    | Found a runed translucent gate.
 36943 | Elf:2    | Found a runed translucent gate.
 37159 | Elf:2    | Got the Compilation of Algid Despair
 37663 | Elf:3    | Entered Level 3 of the Elven Halls
 37740 | Elf:3    | Paralysed by an air elemental for 1 turns
 38320 | Orc:2    | Bought a dragon-blood talisman for 780 gold pieces
 38320 | Orc:2    | Bought a ring of see invisible for 195 gold pieces
 38558 | Snake:1  | Entered Level 1 of the Snake Pit
 39163 | Snake:1  | Reached skill level 15 in Shapeshifting
 40547 | Snake:2  | Noticed Vashnia
 40767 | Snake:1  | Learned a level 3 spell: Passwall
 40927 | Snake:2  | Found Wioqeta's Self-Improvement Boutique.
 40931 | Snake:2  | Reached skill level 19 in Unarmed Combat
 40960 | Snake:2  | Bought a manual of Fighting for 1360 gold pieces
 40960 | Snake:2  | Bought a manual of Shields for 1360 gold pieces
 41272 | Snake:2  | Reached XP level 18. HP: 68/130 MP: 12/24
 41294 | Snake:2  | Killed Vashnia
 41460 | Snake:2  | Got the Octavo of Substances and Fascination
 41790 | Snake:3  | Identified the serpent talisman "Trusted Companion" {+Blink
                  | rC+ Int+3}
 41790 | Snake:3  | Noticed Aizul
 41799 | Snake:3  | Killed Aizul
 42758 | Snake:3  | Reached skill level 5 in Necromancy
 43509 | Snake:4  | Entered Level 4 of the Snake Pit
 45823 | Snake:4  | Got a serpentine rune of Zot
 45963 | Snake:4  | Found a runed translucent gate.
 45964 | Snake:4  | Found a runed translucent gate.
 45964 | Snake:4  | Found a runed translucent gate.
 45966 | Snake:4  | Noticed Gabide's ghost (adept DrCK)
 47420 | Elf:3    | Noticed an Ice Fiend
 47428 | Elf:3    | Noticed a deep elf blademaster
 47430 | Elf:3    | Noticed a deep elf blademaster
 47431 | Elf:3    | Reached skill level 15 in Fighting
 47435 | Elf:3    | Killed a deep elf blademaster
 47742 | Elf:3    | Noticed a deep elf master archer
 47764 | Elf:3    | Identified the amulet of Hestradua {Acrobat Str+2}
 47769 | Elf:3    | Reached XP level 19. HP: 68/139 MP: 23/26
 47787 | Elf:3    | Reached skill level 20 in Unarmed Combat
 47788 | Elf:3    | Noticed a Tzitzimitl
 47942 | Elf:3    | Identified the +4 hand axe "Hofui" {elec, rPois Will+}
 47946 | Elf:3    | Reached skill level 10 in Shields
 48081 | Elf:3    | Identified the +4 long sword of Beyond {holy, rC+ rCorr
                  | Str+2}
 48084 | Elf:3    | Identified the +10 hand axe of a treasure trove {flame,
                  | ^Drain rElec Dex+3}
 48092 | Elf:3    | Got the Papyrus of the Fey Blaze
 48099 | Elf:3    | Identified the ring of Lies {Will+ Str-2 Int+3}
 48209 | Elf:3    | Identified the amulet of Okawaru's Benevolence {RegenMP
                  | *Slow rPois rC+++ Str+4}
 48377 | Abyss:3  | Cast into level 3 of the Abyss (a deep elf sorcerer)
 48553 | Abyss:3  | Found a corrupted altar of Lugonu.
 48661 | Elf:3    | Escaped the Abyss
 48669 | Elf:3    | Identified the ring "Doymap" {Fire rN+}
 48673 | Elf:3    | Identified the +0 broad axe "Oruwnocw" {antimagic, Fly rN+
                  | Will+}
 48673 | Elf:3    | Identified the +0 robe of Utolamet {Will+ Regen+ Int+4
                  | Slay+2}
 49627 | Shoals:1 | Entered Level 1 of the Shoals
 49627 | Shoals:1 | Noticed Jorgrun
 50124 | Shoals:1 | Noticed Frances
 50131 | Lair:2   | Killed Jorgrun
 50368 | Lair:2   | Killed Frances
 51234 | Shoals:1 | Noticed Donald
 51245 | Shoals:1 | Killed Donald
 51271 | Shoals:1 | Reached skill level 15 in Dodging
 54048 | Shoals:4 | Entered Level 4 of the Shoals
 54063 | Shoals:4 | Noticed Ilsuiw
 54070 | Shoals:4 | Killed Ilsuiw
 54316 | Shoals:4 | Reached XP level 20. HP: 129/149 MP: 23/27
 54421 | Shoals:3 | Reached skill level 21 in Unarmed Combat
 56418 | Shoals:4 | Got a barnacled rune of Zot
 57961 | Elf:3    | Got Qaulacair's Grimoire of the Windy Torch
 57984 | Elf:3    | Identified the +3 hand axe "Kideh" {flame, *Rage rF+ rN++
                  | rCorr}
 57999 | Elf:3    | Identified the +1 mace of Dithmenos's Esteem {freeze, rC-
                  | rCorr Int+4}
 58006 | Elf:3    | Identified the +6 shortbow "Yllaapp" {flame, rPois rF+ rC+}
 58012 | Elf:3    | Identified the scarf of Purpose {shadows, -Tele rPois
                  | Int+3}
 58013 | Elf:3    | Identified the +0 pair of gloves of Tartarus {Harm Will+
                  | Str+3}
 58325 | D:13     | Identified the +1 pair of gloves of Courage {Int+3}
 58361 | Vaults:1 | Entered Level 1 of the Vaults
 58462 | Vaults:1 | Paralysed by a formless jellyfish for 1 turns
 58518 | Vaults:1 | Noticed Asterion
 58530 | Vaults:1 | Killed Asterion
 58779 | Vaults:1 | Identified the +5 glaive "Awko" {antimagic, Int+2 Dex+2}
 58817 | Vaults:1 | Found Manwung's Book Shoppe.
 58840 | Vaults:1 | Found Keekaus's Assorted Antiques.
 58848 | Vaults:1 | Bought a scroll of teleportation for 123 gold pieces
 58848 | Vaults:1 | Bought a scroll of fog for 164 gold pieces
 59321 | Vaults:1 | Noticed Boris
 59329 | Vaults:1 | Killed Boris
 59528 | Vaults:1 | Reached XP level 21. HP: 158/158 MP: 28/28
 60107 | Vaults:2 | Reached skill level 22 in Unarmed Combat
 60734 | Vaults:2 | Got the Catalogue of Hypothermia
 62652 | Vaults:3 | You are sucked into a shaft and drop 1 floor!
 62658 | Vaults:4 | Noticed Saint Roka
 62670 | Vaults:4 | Killed Saint Roka
 63245 | Vaults:4 | Noticed Boris
 63248 | Vaults:4 | Killed Boris
 63311 | Vaults:4 | Reached XP level 22. HP: 167/167 MP: 25/29
 63508 | Vaults:4 | Noticed Xtahua
 63522 | Vaults:4 | Killed Xtahua
 63624 | Vaults:4 | Reached skill level 23 in Unarmed Combat
 64304 | Vaults:5 | Entered Level 5 of the Vaults
 65037 | Depths:1 | Entered Level 1 of the Depths
 65108 | Depths:1 | Found a gateway to Hell.
 65283 | Depths:1 | Reached skill level 15 in Shields
 65617 | Depths:1 | Found Amycyazu's Antique Weapon Shoppe.
 65619 | Depths:1 | Found Otifufeu's Assorted Antiques.
 65622 | Depths:1 | Found Morhiluf's Armour Shoppe.
 65627 | Depths:1 | Bought a potion of heal wounds for 195 gold pieces
 65627 | Depths:1 | Bought a scroll of revelation for 292 gold pieces
 65754 | Depths:1 | Found a bloodstained altar of Trog.
 65764 | Depths:1 | Found a runed translucent gate.
 65764 | Depths:1 | Found a runed translucent gate.
 65764 | Depths:1 | Found a runed translucent gate.
 65766 | Depths:1 | Noticed NerdRage255's ghost (journeyman MiBe)
 66136 | Depths:2 | Reached skill level 24 in Unarmed Combat
 66400 | Depths:2 | Found a one-way gate leading to the halls of Pandemonium.
 66434 | Depths:2 | Found a one-way gateway to a ziggurat.
 66442 | Depths:2 | Found a one-way gate to the infinite horrors of the Abyss.
 66471 | Depths:2 | Noticed Boris
 66597 | Depths:2 | Reached XP level 23. HP: 174/174 MP: 26/30
 67104 | Depths:2 | Noticed a golden dragon
 67115 | Depths:2 | Killed a golden dragon
 67357 | Depths:2 | Found Ihanti's General Store.
 67361 | Depths:2 | Found Bott's Antique Armour Shoppe.
 67448 | Depths:2 | Bought a wand of roots (6) for 273 gold pieces
 67650 | Depths:2 | Got the Cyclopedia of Impure Black Magic
 67803 | Depths:3 | Identified the orb of Abstinence {*channel, rPois Int+3}
 67803 | Depths:3 | Noticed Frederick
 67816 | Depths:3 | Killed Frederick
 67963 | Depths:3 | Found a corrupted altar of Lugonu.
 67963 | Depths:3 | Noticed Jory
 67972 | Depths:3 | Killed Jory
 68145 | Depths:3 | Found a broken altar of Ashenzari.
 68164 | Depths:3 | Reached skill level 25 in Unarmed Combat
 68835 | Depths:3 | Found a portal to a secret trove of treasure.
 69150 | Depths:4 | Entered Level 4 of the Depths
 69156 | Depths:4 | Killed Boris
 69375 | Depths:4 | Paralysed by a sphinx for 4 turns
 69837 | Depths:4 | Noticed a juggernaut
 69844 | Depths:4 | Killed a juggernaut
 70076 | Depths:4 | Found a glowing silver altar of Zin.
 70076 | Depths:4 | Found a glowing golden altar of the Shining One.
 70076 | Depths:4 | Found a white marble altar of Elyvilon.
 70183 | Depths:4 | Noticed a golden dragon
 70187 | Depths:4 | Killed a golden dragon
 70249 | Depths:4 | Found a gate to the Realm of Zot.
 70587 | D:15     | Bought a scroll of fear for 84 gold pieces
 70587 | D:15     | Bought a scroll of blinking for 157 gold pieces
 70591 | D:15     | Bought a scroll of poison for 104 gold pieces
 70591 | D:15     | Bought a scroll of teleportation for 78 gold pieces
 70591 | D:15     | Bought a scroll of revelation for 195 gold pieces
 70593 | D:15     | Bought a wand of paralysis (4) for 172 gold pieces
 70593 | D:15     | Bought a wand of light (6) for 453 gold pieces
 70593 | D:15     | Bought a wand of mindburst (9) for 226 gold pieces
 70593 | D:15     | Bought a wand of roots (3) for 129 gold pieces
 70593 | D:15     | Bought a potion of cancellation for 144 gold pieces
 70596 | D:15     | Bought a scroll of poison for 52 gold pieces
 70596 | D:15     | Bought a scroll of poison for 52 gold pieces
 70596 | D:15     | Bought a scroll of fog for 52 gold pieces
 70596 | D:15     | Bought a scroll of blinking for 97 gold pieces
 70596 | D:15     | Bought a scroll of immolation for 52 gold pieces
 70596 | D:15     | Bought a scroll of immolation for 52 gold pieces
 70617 | Hell     | Entered the Vestibule of Hell
 70617 | Hell     | Noticed Geryon
 71222 | Vaults:3 | Found a staircase to the Crypt.
 71229 | Vaults:3 | Reached XP level 24. HP: 181/181 MP: 27/30
 72572 | Elf:1    | Bought a scroll of enchant weapon for 97 gold pieces
 72918 | Depths:3 | You paid a toll of a +8 demon whip to enter a treasure
                  | trove
 72919 | Trove    | Entered a treasure trove
 72921 | Trove    | Identified the ring of Moesoum {rC+ Int+3}
 72923 | Trove    | Identified the ring "Sah Jyfo" {rC+ rN+}
 72925 | Trove    | Identified the ring "Fewomypn" {Wiz rN+ Will+}
 72928 | Trove    | Identified the ring "Sucvyn" {rPois rF+}
 72930 | Trove    | Identified the ring "Zitac" {rF+ rN+ rCorr Str-3}
 72935 | Trove    | Identified the amulet "Etib" {Reflect rF+++ MP+9 SH+5}
 72940 | Trove    | Identified the ring "Dostodir" {rN+ Int+6 Dex+3}
 72953 | Trove    | Identified the amulet of Wuoray {Reflect Str+2 Dex+3 SH+5
                  | Stlth+}
 72959 | Trove    | Identified the ring "Haaddiur" {rPois Will+ Int+6}
 73101 | Hell     | Killed Geryon
 74695 | Hell     | Reached skill level 26 in Unarmed Combat
 75172 | Hell     | Found a gateway to the decaying netherworld of Tartarus.
 75268 | Hell     | Found a gateway to the ashen valley of Gehenna.
 75377 | Hell     | Found a gateway to the Iron City of Dis.
 75451 | Hell     | Found a gateway to the freezing wastes of Cocytus.
 75915 | Tar:1    | Entered Level 1 of Tartarus
 76260 | Tar:3    | You are sucked into a shaft and drop 2 floors!
 78630 | Vaults:5 | Noticed an ancient lich
 78637 | Vaults:4 | Gained mutation: Your system is resistant to poisons.
                  | (rPois) [a shining eye]
 78675 | Vaults:5 | Killed an ancient lich
 78685 | Vaults:5 | Reached XP level 25. HP: 167/190 MP: 30/30
 79505 | Vaults:5 | Found the +9 scales of the Dragon King {rPois rF+ rC+
                  | Will+}
 79522 | Vaults:5 | Got the Codex of Dislocation
 79797 | Vaults:5 | Found Uduuf's Magic Scroll Boutique.
 79802 | Vaults:5 | Bought a scroll of fear for 40 gold pieces
 79802 | Vaults:5 | Bought a scroll of teleportation for 30 gold pieces
 79802 | Vaults:5 | Bought 3 scrolls of summoning for 285 gold pieces
 79802 | Vaults:5 | Bought a scroll of poison for 40 gold pieces
 79862 | Vaults:5 | Found Rummyrosm's Distillery.
 80033 | Vaults:5 | Bought a potion of heal wounds for 100 gold pieces
 80033 | Vaults:5 | Bought a potion of mutation for 160 gold pieces
 80033 | Vaults:5 | Bought 2 potions of resistance for 400 gold pieces
 80431 | Vaults:5 | Got a silver rune of Zot
 80436 | Vaults:5 | Found Uzeheboi's Distillery.
 80461 | Vaults:5 | Bought a potion of heal wounds for 100 gold pieces
 80461 | Vaults:5 | Bought a potion of haste for 200 gold pieces
 80461 | Vaults:5 | Bought a potion of berserk rage for 100 gold pieces
 80461 | Vaults:5 | Bought a potion of cancellation for 160 gold pieces
 80748 | Vaults:5 | Bought 2 potions of resistance for 400 gold pieces
 80748 | Vaults:5 | Bought a potion of ambrosia for 160 gold pieces
 81333 | Depths:3 | Bought an embroidered hat for 287 gold pieces
 81428 | Zot:1    | Entered Level 1 of the Realm of Zot
 82100 | Zot:1    | You are sucked into a shaft and drop 1 floor!
 83234 | Zot:2    | Noticed a shard shrike
 83234 | Zot:2    | Noticed a shard shrike
 83236 | Zot:2    | Killed a shard shrike
 83241 | Zot:2    | Noticed a Killer Klown
 83249 | Zot:2    | Paralysed by a Killer Klown for 1 turns
 83250 | Zot:2    | Killed from afar by a red draconian

Illustrated notes

Levels and vault maps discovered:
D:1:      co_arrival_square_in_a_square_in_a_square, layout_loops_corners,
          serial_bayou, serial_bayou_lagoon_a, serial_bayou_crossing,
          serial_bayou_shore_b, serial_bayou_ford_a, serial_bayou_pond_d,
          serial_bayou_pond_e
D:2:      layout_basic, uniq_natasha
D:3:      layout_basic, kennysheep_okawaru_gauntlet, st_stairs_5,
          nrook_campfire, uniq_terence
D:4:      layout_gridville, serial_glass, glass_columns_a, glass_columns_b,
          glass_columns_a, glass_columns_a, glass_columns_a, glass_columns_a
D:5:      wander_guarded_unrand_ratskin, layout_basic,
          minmay_temple_entry_mini_moons, serial_shops, shop, uniq_ijyb
D:6:      layout_gridville, general_overflow_altar, kennysheep_nondescript,
          minmay_misc_feat_iff
D:7:      layout_basic, enter_bailey_4
D:8:      layout_cave_pools, nicolae_overflow_hidden_temple,
          grunt_lair_entry_orc_guard_hut, serial_shops, nicolae_shop_rolled_up
D:9:      layout_cave_pods, mainiacjoe_overflow_catwalk, serial_rivers,
          chequers_serial_rivers_small_3, chequers_serial_rivers_small_a,
          chequers_serial_rivers_micro_b, chequers_serial_rivers_micro_d
D:10:     layout_stronghold, grunt_temple_overflow_lords_of_destruction,
          kennysheep_little_box, nicolae_overflow_crystal_walls,
          minmay_orc_entry_guard_dogs, serial_rivers,
          chequers_serial_rivers_micro_a, chequers_serial_rivers_small_a,
          chequers_serial_rivers_small_3, chequers_serial_rivers_micro_e
D:11:     layout_stronghold, portal_ice_cave_rime
D:12:     minmay_chambers_of_sevens, layout_basic, uniq_fannar
D:13:     layout_loops_ring, hellmonk_vaults_order_and_chaos, uniq_erolcha,
          uniq_kirke
D:14:     layout_basic, yredelemnul_altar_generic
D:15:     hellmonk_depths_entry_around_the_bend, layout_small_grid,
          serial_park_gazebo [serial_park_minivault_5x5_2], lemuel_freeze_loot_1
Temple:   eino_temple_water
Lair:1:   layout_regular_city, nicolae_lair_grazing_beasts
          [nicolae_sub_lair_graze_edge, nicolae_sub_lair_graze_edge,
          nicolae_sub_lair_graze_edge, nicolae_sub_lair_graze_edge],
          lemuel_fruit_fields, grunt_megastairs_5
Lair:2:   layout_chaotic_city, minmay_shoals_entry_beasts
Lair:3:   layout_long_grid, dummy_snake_entry, dreamdust_gnoll_shepherd,
          infiniplex_staircase_pool_2
Lair:4:   layout_hall_layers
Lair:5:   due_jungle_book, layout_cellular_growth,
          minmay_slime_entry_oklob_enclosed, basic_altar
Shoals:1: layout_shoals, st_shoals_ruin, uniq_frances, uniq_donald, uniq_jorgrun
Shoals:2: layout_shoals, nicolae_shoals_beach_house_on_fowls_legs
Shoals:3: layout_shoals
Shoals:4: shoals_end_hangedman, layout_shoals, shoals_ilsuiw_alternative,
          nicolae_shoals_undead_eyrie
Snake:1:  layout_grid_shapes
Snake:2:  layout_basic, grunt_ministairs_11, nicolae_shop_self_help,
          lemuel_fruit_tree, uniq_vashnia
Snake:3:  layout_rooms, nicolae_snake_gridmaze_entwining, uniq_aizul
Snake:4:  minmay_snake_end_coiled, layout_basic, gammafunk_ghost_split
Orc:1:    layout_caves
Orc:2:    kennysheep_orc_mage_school, layout_caves, serial_shops,
          nicolae_shop_advertising_works [nicolae_subvault_shop_adworks]
Elf:1:    eino_elf_arrival_altar, layout_gridlike, serial_shops, shop,
          nicolae_elf_shapeshifter_party, pf_eden
Elf:2:    nicolae_elf_blades_splatter_lattice [nooodl_blade_entry_preview],
          layout_geoelf_octagon, grunt_megastairs_4
Elf:3:    minmay_elf_hall_hex, layout_geoelf_diagonals
Vaults:1: nicolae_vaults_offset_grid_hallway_3, nicolae_vaults_layer_cake_slice,
          v_misc_11, nicolae_vaults_trapezoid_4, dpeg_vaults_monster_box,
          v_misc_16, v_misc_18, layout_vaults_big_room, serial_shops, shop,
          shop, uniq_asterion, uniq_boris
Vaults:2: nicolae_vaults_shipping_containers_6, grunt_vaults_trifunnel,
          nicolae_vaults_double_plus_1, v_alt_pattern_6, vaults_room_large_hall,
          nicolae_vaults_sightless_eye, ontoclasm_vaults_chip,
          nicolae_vaults_trapezoid_3, serial_ice_h,
          ontoclasm_vaults_decontamination, nicolae_vaults_house_3,
          layout_vaults_omnigrid
Vaults:3: nicolae_vaults_whirlpool_walls, nicolae_vaults_octothorpe,
          nicolae_vaults_diagonal_hallway_9, minmay_crypt_entry_vampire_xt,
          nicolae_vaults_swerve, v_pattern_4, hangedman_vaults_stream,
          nicolae_vaults_hexular_roomagon, nicolae_vaults_storage_closets_3,
          nicolae_vaults_surprise_closet, nicolae_vaults_tangram_2,
          nicolae_vaults_theta, minmay_orc_keep, v_misc_2,
          ontoclasm_vaults_ring_small, layout_vaults_maze
Vaults:4: vaults_room_boxed, nicolae_vaults_angled_halls,
          nicolae_vaults_closet_pinwheel_4, nicolae_vaults_heist,
          nicolae_vaults_library_corner, nicolae_vaults_turnstiles, v_misc_24,
          nicolae_vaults_more_shelving_2, v_misc_8, grunt_vaults_bifocal,
          vaults_mumra_minichess, nicolae_vaults_hexular_roomagon,
          nicolae_vaults_diamond_2, nicolae_vaults_trapezoid_lopsided_4,
          vaults_mumra_chevron, vaults_dpeg_ring, layout_vaults_omnibox,
          uniq_saint_roka, uniq_xtahua
Vaults:5: serial_shops
Depths:1: layout_cave_pools, grunt_mini_vestibule, ebering_ghost_rock_garden,
          amcnicky_mini_rare_corridor_liquid, chequers_big_river, bloody_trog,
          minmay_shop_star
Depths:2: nicolae_aperiodic_l_corner, layout_small_grid, enter_ziggurat_e,
          nrook_mini_backslash, pan_entry, abyss_entry,
          grunt_hell_entry_dis_grunt, minmay_staircase_bubble, minmay_shoptagon
Depths:3: nicolae_cairo_tiling_very_big, layout_cave_pools,
          abyss_entry_flame_altar, enter_trove_6, pf_coc_iceberg, serial_sigils,
          serial_sigils_hangedman_confine, serial_sigils_hangedman_clutch,
          serial_sigils_hangedman_stare, ashenzari_conservatory_becter,
          uniq_jory, uniq_frederick
Depths:4: evilmike_zot_entry_hall, layout_gridlike, good_gods_mini_temple,
          abyss_entry, pf_hell_entry_tar_spiral,
          hangedman_abyss_or_decor_clamps, grunt_ministairs_13
Hell
Tar:1:    layout_honeycomb
Tar:2:    layout_grid_maze
Tar:3:    layout_cathedral_of_symmetry, nicolae_tar_grid_combs
Tar:5:    layout_cathedral_of_symmetry, nicolae_tar_just_some_guys
Zot:1:    bobbens_index_wilting_gardens, layout_misc_corridors,
          regret_index_zotdec_storm_pass
Zot:2:    layout_basic, hangedman_zot_decor_scrapings, regret_index_zotdec_plus,
          hangedman_zot_spectrum, grunt_megastairs_3

Skill      XL: |  1  2  3  4  5  6  7  8  9 10 11 12 13 14 15 16 17 18 19 20 21 22 23 24 25 |
---------------+----------------------------------------------------------------------------+-----
Fighting       | 2 3 4 6 7 8 9 10 11 12 13 15 16 17 18 19 20 21 | 21.2
Unarmed Combat | 4 5 6 7 9 10 11 13 14 15 17 18 19 20 21 22 24 25 26 | 26.9
Dodging        | 3 4 5 6 7 8 9 10 11 12 13 14 15 16 17 18 19 | 19.5
Shapeshifting  | 4 5 6 7 8 10 11 13 14 15 16 17 19 20 21 | 21.3
Shields        | 3 6 7 9 11 13 14 15 | 15.1
Necromancy     | 3 4 5 |  5.2
Spellcasting   | 2 4 |  4.8
Evocations     | 3 6 7 8 |  8.2

Action                     |  1- 3 |  4- 6 |  7- 9 | 10-12 | 13-15 | 16-18 | 19-21 | 22-24 | 25-27 || total
---------------------------+-------+-------+-------+-------+-------+-------+-------+-------+-------++-------
  Melee: Unarmed           |    54 |    90 |   288 |   493 |  1148 |   813 |   895 |   901 |   274 ||  4956
         Constrict         |    16 |    21 |    76 |    80 |   180 |   133 |   120 |       |       ||   626
         Tentacles         |    10 |    20 |    70 |   150 |   405 |   224 |   143 |       |       ||  1022
         Punch             |       |     4 |    21 |    41 |       |    83 |   141 |   169 |    70 ||   529
         Tailslap          |       |       |       |       |       |       |    89 |   218 |    71 ||   378
         Bite              |       |       |       |       |       |       |    67 |   156 |    51 ||   274
  Throw: Dart              |       |       |       |    35 |       |       |       |       |       ||    35
   Cast: Fugue of the Fall |       |       |       |       |       |     9 |    38 |    43 |     7 ||    97
         Blink             |       |       |       |       |       |     2 |       |       |       ||     2
 Invoke: Potion Petition   |       |       |     1 |       |     3 |     5 |     6 |       |     4 ||    19
         Call Merchant     |       |       |       |       |       |       |       |     6 |     1 ||     7
Ability: Breathe Fire      |       |       |       |       |       |       |     2 |     2 |       ||     4
  Evoke: Wand              |       |       |     8 |    40 |     8 |       |       |       |       ||    56
         Box of beasts     |       |       |       |     1 |     2 |     1 |     1 |     1 |     1 ||     7
         Lightning rod     |       |       |       |       |     7 |     4 |       |       |       ||    11
         Horn of Geryon    |       |       |       |       |       |       |       |     1 |       ||     1
    Use: Potion            |       |       |     8 |       |     4 |     4 |       |       |     1 ||    17
         Scroll            |       |       |    11 |    10 |     9 |    10 |     7 |     8 |     7 ||    62
   Stab: Sleeping          |    11 |     3 |    16 |     4 |     1 |    15 |    13 |     6 |     1 ||    70
         Distracted        |       |       |     3 |     6 |    12 |     7 |    27 |    13 |     4 ||    72
         Petrified         |       |       |       |       |    10 |       |       |       |       ||    10
         Invisible         |       |       |       |       |     1 |       |       |       |     1 ||     2
 Armour: Skin              |    21 |    38 |   150 |   174 |   319 |   256 |   282 |   431 |   120 ||  1791
  Dodge: Dodged            |    25 |    67 |   149 |   418 |  1056 |   836 |   878 |  1217 |   322 ||  4968
  Block: Buckler           |       |       |       |    27 |       |       |       |       |       ||    27
         Tower shield      |       |       |       |    39 |       |       |       |       |       ||    39
         Other             |       |       |       |       |       |       |       |    89 |    44 ||   133
         Reflection        |       |       |       |       |       |       |       |     3 |       ||     3
   Form: Flux              |       |       |       |     2 |       |       |       |       |       ||     2
         Beast             |       |       |       |     1 |       |       |       |       |       ||     1
         Blade             |       |       |       |       |       |     1 |       |       |       ||     1
         Dragon            |       |       |       |       |       |       |     1 |       |     1 ||     2
                           |       |       |       |       |       |       |       |       |     1 ||     1
